 Dungeon Crawl Stone Soup version 0.19-a0-1626-g5215c36 (webtiles) character file.

216 Alarkh the Grave Robber (level 5, -2/35 HPs)
             Began as a Mummy Necromancer on Sept 18, 2016.
             Slain by Menkaure (11 damage)
             ... on level 4 of the Dungeon.
             The game lasted 00:04:33 (3069 turns).

Alarkh the Grave Robber (Mummy Necromancer)         Turns: 3069, Time: 00:04:34

Health: -2/35      AC:  7    Str: 12    XL:     5   Next: 61%
Magic:  2/11       EV: 11    Int: 15    God:
Gold:   225        SH:  0    Dex: 12    Spells: 3 memorised, 4 levels left

rFire  x . .     SeeInvis .     a - +0 scimitar
rCold  + . .     Gourm    .     n - +0 robe
rNeg   + + +     Faith    .     (no shield)
rPois  ∞         Spirit   .     (no helmet)
rElec  .         Dismiss  .     p - +2 cloak
rCorr  .         Reflect  .     r - +0 pair of gloves (curse)
MR     .....     Harm     .     o - +0 pair of boots (curse)
Stlth  +.........               (no amulet)
                                (no ring)
                                (no ring)

@: very slightly contaminated, heavily drained
A: no food or potions, fire vulnerability, cold resistance 1, negative energy
resistance 3, torment resistance, unbreathing
a: no special abilities


You were on level 4 of the Dungeon.
You were not hungry.

You visited 1 branch of the dungeon, and saw 5 of its levels.

You collected 225 gold pieces.

Inventory:

Hand Weapons
 a - a +0 scimitar (weapon)
 e - a +0 short sword
 q - a +2 quarterstaff of chaos
Armour
 m - a +0 cloak
 n - a +0 robe (worn)
 o - a cursed +0 pair of boots (worn)
 p - a +2 cloak (worn)
 r - a cursed +0 pair of gloves (worn)
Jewellery
 h - an uncursed amulet of harm
Scrolls
 c - a scroll of random uselessness
 d - 2 scrolls of remove curse
 g - a scroll of amnesia
 i - a scroll of recharging {unknown}
 j - 3 scrolls of fog
 k - a scroll of magic mapping {unknown}
 l - a scroll of identify {unknown}
Books
 b - a book of Necromancy

   Spells                             Type                      Level
   a - Pain                           Necromancy                   1
   b - Animate Skeleton               Necromancy                   1
   c - Vampiric Draining              Necromancy                   3
   d - Regeneration                   Charms/Necromancy            3
   e - Animate Dead                   Necromancy                   4
   f - Control Undead                 Necromancy                   4


   Skills:
 - Level 1.5(0.3) Dodging
 - Level 1.5(0.3) Stealth
 + Level 4.1(2.8) Spellcasting
 + Level 5.6(4.2) Necromancy


You had 4 spell levels left.
You knew the following spells:

 Your Spells              Type           Power        Failure   Level  Hunger
a - Pain                  Necr           ##..         4%          1    N/A
b - Vampiric Draining     Necr           ##........   14%         3    N/A
c - Control Undead        Necr           ##........   41%         4    N/A

Dungeon Overview and Level Annotations

Branches:
Dungeon (5/15)
 Temple: D:4-7

Altars:

Annotations:
D:4 Menkaure


Innate Abilities, Weirdness & Mutations

You do not eat or drink.
Your flesh is vulnerable to fire.
You are immune to poison.
Your flesh is cold resistant. (rC+)
You are immune to negative energy. (rN+++)
You are immune to unholy pain and torment.
You can survive without breathing.


Message History

You are very lightly contaminated with residual magic.
Nothing appears to happen.
Casting: Control Undead
Confirm with . or Enter, or press ? or * to list all spells.
You don't know that spell.
Unknown command.
As you read the scroll labeled HACRYR XUPSIY, it crumbles to dust.
The creatures around you are filled with an inner flame!
It was a scroll of immolation.
You hit Menkaure.
Menkaure is lightly damaged.
Menkaure misses you.
You riposte.
You slash Menkaure!
Menkaure is heavily damaged.
You barely miss Menkaure.
Menkaure is heavily damaged.
Menkaure barely misses you.
You hit Menkaure but do no damage.
Menkaure is heavily damaged.
Menkaure hits you!
You die...

#..# ##...## .
##M## ##.##
... ##..##
#..#
#...#....#
#.># ###
#....<..#
##.#####.#
#...#....#
##......##
...####....#
###.####.## .#
##.....###..##
#.##
#.#####@M###
##.# #.# ##.#
#.# ### ###
###


You could see Menkaure (inner flame).

Vanquished Creatures
  Crazy Yiuf (D:3)
  An orc priest (D:3)
  Terence (D:2)
  A gnoll (D:4)
  5 adders
  2 worms
  2 dart slugs
  9 orcs (D:3)
  13 goblins
  6 hobgoblins
  2 jackals (D:1)
  A quokka (D:3)
  2 ball pythons (D:1)
  6 bats
  2 frilled lizards (D:2)
  4 kobolds
  6 rats
64 creatures vanquished.

Vanquished Creatures (collateral kills)
  An adder skeleton (D:4)
1 creature vanquished.

Grand Total: 65 creatures vanquished

Notes
Turn   | Place    | Note
-------+----------+-------------------------------------------
     0 | D:1      | Alarkh the Mummy Necromancer began the quest for the Orb.
     0 | D:1      | Reached XP level 1. HP: 13/13 MP: 3/3
   525 | D:1      | Reached XP level 2. HP: 19/19 MP: 1/5
  1299 | D:2      | Noticed Terence
  1307 | D:2      | Killed Terence
  1307 | D:2      | Reached XP level 3. HP: 22/24 MP: 0/7
  1312 | D:2      | Learned a level 3 spell: Vampiric Draining
  1694 | D:2      | Reached XP level 4. HP: 30/30 MP: 5/8
  1961 | D:3      | Reached skill level 5 in Necromancy
  2140 | D:3      | Reached XP level 5. HP: 27/35 MP: 5/10
  2580 | D:3      | Found a runed door.
  2672 | D:3      | Learned a level 4 spell: Control Undead
  2672 | D:3      | Noticed Crazy Yiuf
  2684 | D:3      | Killed Crazy Yiuf
  2871 | D:4      | Noticed Menkaure
  3048 | D:5      | Entered Level 5 of the Dungeon
  3069 | D:4      | Slain by Menkaure

Vault maps used:
D:1:      dpeg_arrival_round_c, minmay_misc_feat_plants
D:2:      glass_columns_b, uniq_terence
D:3:      uniq_crazy_yiuf_cottage
D:4:      first_bread, serial_shops, shop, nicolae_shop_crystal, uniq_menkaure
D:5:      serial_shops, shop

Skill      XL: |  1  2  3  4  5 |
---------------+----------------+-----
Spellcasting   | 3 4 |  4.1
Necromancy     | 5 |  5.6
Dodging        | |  1.5
Stealth        | |  1.5

Action                   |  1- 3 |  4- 6 || total
-------------------------+-------+-------++-------
Melee: Unarmed           |    20 |       ||    20
       Short sword       |    12 |    29 ||    41
       Scimitar          |       |    11 ||    11
 Cast: Pain              |    51 |    75 ||   126
       Control Undead    |       |     1 ||     1
       Vampiric Draining |       |     1 ||     1
  Use: Scroll            |       |     5 ||     5
Armor: Robe              |     7 |     6 ||    13
Dodge: Dodged            |    22 |    28 ||    50
